 Dungeon Crawl Stone Soup version 0.30.0-3-ga4e48a9924 (webtiles) character file.

Game seed: 14325430175117115386

448 Rudyous the Conjurer (level 6, -16/69 HPs)
             Began as a Demonspawn Fire Elementalist on May 7, 2023.
             Was an Elder of Jiyva.
             Killed by an exploding ice bat (22 damage)
             ... ignited by their inner flame
             ... on level 4 of the Dungeon.
             The game lasted 00:07:55 (3883 turns).

Rudyous the Conjurer (Demonspawn Fire Elementalist) Turns: 3883, Time: 00:07:56

Health: -16/69     AC: 23    Str:  9    XL:     6   Next: 73%
Magic:  10/10      EV:  2    Int: 18    God:    Jiyva [****..]
Gold:   194        SH:  0    Dex: 13    Spells: 8/11 levels left

rFire   . . .        h - +1 dagger (speed)
rCold   . . .        (no shield)
rNeg    . . .        a - melded +0 robe
rPois   +            (helmet currently unavailable)
rElec   .            (cloak currently unavailable)
rCorr   +            (gloves currently unavailable)
SInv    .            (boots currently unavailable)
Will    .....        (no amulet)
Stlth   ++           (no ring)
HPRegen 1.59/turn    (no ring)
MPRegen 0.52/turn

%: clarity
@: brilliant, tree-form, attractive
A: stationary, stasis, torment immunity, boosted hp, (claws 1), repulsion field
2, clarity, (pseudopods 2), (jelly absorbing missiles)
a: Renounce Religion, Oozemancy, Slimify


You were on level 4 of the Dungeon.
You worshipped Jiyva.
Jiyva was greatly pleased with you.
You were a tree.
You visited 1 branch of the dungeon, and saw 4 of its levels.

You collected 194 gold pieces.

Inventory:

Hand Weapons
 f - a +0 dagger
 h - a +1 dagger of speed (weapon)
Armour
 a - a +0 robe (melded)
Jewellery
 d - a ring of protection from fire
 i - a ring of willpower
Scrolls
 c - a scroll of brand weapon
 l - a scroll of silence
Potions
 b - a potion of magic
 o - a potion of brilliance
 p - a potion of cancellation {unknown}
 q - a potion of heal wounds {unknown}


   Skills:
 + Level 2.6 Fighting
 - Level 1.7 Dodging
 - Level 3.0 Stealth
 + Level 3.2 Spellcasting
 * Level 4.1 Conjurations
 + Level 3.9 Fire Magic


You had 8 spell levels left.
You knew the following spells:

 Your Spells              Type           Power      Damage    Failure   Level
a - Foxfire               Conj/Fire      100%       2x1d9     3%          1
b - Scorch                Fire           50%        2d7       4%          2

Your spell library contained the following spells:

 Spells                   Type           Power      Damage    Failure   Level
 Inner Flame              Hex/Fire       14%        N/A       22%         3
 Volatile Blastmotes      Fire/Tloc      28%        2d12      22%         3
 Flame Wave               Conj/Fire      26%        2d8       30%         4


Dungeon Overview and Level Annotations

Branches:
Dungeon (4/15) Zot: 20121  Temple (0/1) D:4

Altars:
Qazlal
Jiyva


Innate Abilities, Weirdness & Mutations

You are a tree.
Your roots penetrate the ground, keeping you stationary.
You cannot be teleported.
You are immune to unholy pain and torment.
Your maximum health is greatly increased.
Your equipment is partially melded.
((You have sharp fingernails.))
You are surrounded by a moderate repulsion field. (EV +3)
You possess an exceptional clarity of mind.
((Armour fits poorly on your large pseudopods.))
((You have a small jelly attached to you that may absorb projectiles.))


Message History

The ice bat hits you but does no damage.
The fire bat misses you. The ice bat barely misses you.
As you read the scroll labelled OSEMNO CUXKUBU, it crumbles to dust.
You assume a fearsome visage.
The ice bat is unaffected.
The fire bat looks frightened! x2; The ghost-faced bat is unaffected.
It was a scroll of fear.
The ice bat hits you but does no damage.
The ice bat hits you.
* * * LOW HITPOINT WARNING * * *
The ice bat freezes you.
* * * LOW HITPOINT WARNING * * *
The ice bat closely misses you.
It was a potion of brilliance.
You feel clever all of a sudden. The ice bat barely misses you. x3
It was a potion of attraction.
You feel attractive to monsters. The ice bat completely misses you.
The ice bat closely misses you.
It was a potion of curing.
You feel better. The ice bat barely misses you.
The ice bat hits you but does no damage.
The ice bat barely misses you. The fire bat is attracted toward you.
It was a potion of lignification.
You turn into a tree.
Your +0 robe melds into your body.
Your roots penetrate the ground.
The ice bat hits you but does no damage. x3
Unknown command.
You hit the fire bat.
Flame seeps out of the fire bat.
Your attack snaps the fire bat out of its fear.
The fire bat is moderately wounded.
The fire bat bites you but does no damage.
The ice bat hits you but does no damage. x2
You hit the fire bat.
The fire bat explodes!
The fiery explosion engulfs the ice bat!!!
The ice bat melts!
The fiery explosion engulfs you!!
* * * LOW HITPOINT WARNING * * *
The ice bat explodes!
The fiery explosion engulfs the ghost-faced bat!
You destroy the ghost-faced bat!
The fiery explosion engulfs you!!
You die...

...#............#.............#
...#............#....###......#
...#.............#####
##..######
................<##.. #........
.^.............###.. #........
#.............###.. #........
#...######..####§§ ###.J....
#...# #### ##§## ##......
....### #§♣○## #####'......
......# #§##.†###...##......
.####.# #. ###..††##.......#
#####.# .. ###.†####.....#
#.....### .. #.#.##..§...#
#.#...#.### †##.##......#
..#......## .# ###......#
..........## .# #.......#
...........## ##### #.......#


There were no monsters in sight!

Vanquished Creatures
  A sky beast (D:3)
  A scorpion (D:4)
  A hound (D:4)
  An orc wizard (D:4)
  5 gnolls (D:2)
  5 adders
  2 worms
  A dart slug (D:4)
  2 fire bats (D:4)
  6 orcs
  2 spectral bats (D:4)
  3 bat skeletons (D:4)
  A bat zombie (D:4)
  2 endoplasms (D:1)
  2 giant cockroaches
  6 goblins
  5 hobgoblins
  3 quokkas
  3 ball pythons
  13 bats
  A bat simulacrum (D:4)
  3 frilled lizards
  8 kobolds
  2 rats (D:1)
79 creatures vanquished.

Vanquished Creatures (others)
  An orc priest (D:4)
  An iguana (D:4)
  An adder (D:2)
  3 endoplasms (D:2)
  3 orcs (D:4)
  A giant cockroach (D:2)
  A hobgoblin (D:2)
  A ball python (D:2)
  A frilled lizard (D:2)
  A kobold (D:2)
  A rat (D:2)
  347 foxfires
362 creatures vanquished.

Grand Total: 441 creatures vanquished

Notes
Turn   | Place    | Note
-------+----------+-------------------------------------------
     0 | D:1      | Rudyous the Demonspawn Fire Elementalist began the quest
                  | for the Orb.
     0 | D:1      | Reached XP level 1. HP: 13/13 MP: 3/3
   475 | D:1      | Gained mutation: You have sharp fingernails. [demonic
                  | ancestry]
   475 | D:1      | Reached XP level 2. HP: 20/20 MP: 1/5
   753 | D:1      | Found a faded altar of an unknown god.
  1036 | D:1      | Learned a level 2 spell: Scorch
  1332 | D:1      | Prayed at the altar of an unknown god.
  1332 | D:1      | Became a worshipper of Jiyva Jeet the Shapeless
  1332 | D:1      | Reached * piety under Jiyva
  1399 | D:2      | Reached skill level 1 in Fighting
  1399 | D:2      | Reached XP level 3. HP: 23/26 MP: 4/6
  1431 | D:2      | Identified the +8 mace "Ewogutot" {heavy, *Rage +Blink
                  | rC+++ Str-4}
  1516 | D:2      | Reached skill level 2 in Conjurations
  1668 | D:2      | Reached ** piety under Jiyva
  1833 | D:2      | Gained mutation: You are surrounded by a mild repulsion
                  | field. (EV +2) [demonic ancestry]
  1833 | D:2      | Reached XP level 4. HP: 32/32 MP: 3/7
  2676 | D:3      | Reached *** piety under Jiyva
  2676 | D:3      | Found a stormy altar of Qazlal.
  2676 | D:3      | Noticed a sky beast
  2685 | D:3      | Killed a sky beast
  2686 | D:3      | Reached skill level 3 in Conjurations
  2686 | D:3      | Reached XP level 5. HP: 32/38 MP: 1/9
  3185 | D:4      | Gained mutation: You are surrounded by a moderate repulsion
                  | field. (EV +3) [demonic ancestry]
  3185 | D:4      | Reached XP level 6. HP: 44/44 MP: 7/10
  3213 | D:4      | Found a staircase to the Ecumenical Temple.
  3312 | D:4      | Gained mutation: You possess an exceptional clarity of
                  | mind. [Jiyva's grace]
  3312 | D:4      | Gained mutation: You have a small jelly attached to you
                  | that may absorb projectiles. [Jiyva's grace]
  3312 | D:4      | Gained mutation: Armour fits poorly on your pseudopods.
                  | [Jiyva's grace]
  3312 | D:4      | Gained mutation: Armour fits poorly on your large
                  | pseudopods. [Jiyva's grace]
  3316 | D:4      | Reached **** piety under Jiyva
  3832 | D:4      | Reached skill level 4 in Conjurations
  3876 | D:4      | HP: 2/46 [fire bat (2)]
  3883 | D:4      | Killed by an exploding ice bat... ignited by their inner
                  | flame

Illustrated notes

Levels and vault maps discovered:
D:1:      scummos_arrival_star, layout_loops_corners, basic_ecumenical_altar
D:2:      layout_basic, minmay_heptomino_w4
D:3:      layout_rooms, nicolae_qazlal_beasts_of_the_sky, grunt_decor_arrowhead,
          hangedman_decor_points
D:4:      layout_basic, minmay_temple_entry_junction, goddamned_bats

Skill      XL: |  1  2  3  4  5  6 |
---------------+-------------------+-----
Stealth        | 2 3 |  3.0
Fighting       | 1 2 |  2.6
Conjurations   | 2 3 4 |  4.1
Fire Magic     | 3 |  3.9
Spellcasting   | 3 |  3.2
Dodging        | |  1.7

Action                     |  1- 3 |  4- 6 || total
---------------------------+-------+-------++-------
  Melee: Dagger            |       |    14 ||    14
         Pseudopods        |       |     3 ||     3
   Cast: Foxfire           |    65 |   140 ||   205
         Scorch            |     2 |    11 ||    13
    Use: Scroll            |       |     4 ||     4
         Potion            |       |     4 ||     4
 Armour: Robe              |     6 |    20 ||    26
         Skin              |       |     6 ||     6
  Dodge: Dodged            |     8 |    67 ||    75
